[ AOE2 MATCH · #461465586 ]
Team RMSicilians vs Tupi
[ REPLAY ANALYSIS · EXTRACTED FROM THE RECORDED GAME ]
Feudal
16:16
Castle
31:43
Imperial
—
| APM avg | 14.9 |
| APM peak | 32 |
| eAPM avg | 10.3 |
| Villagers / military | 82 / 88 |
Focus
⚔️ 29.2% · 🌾 70.8%
Spearman ×56 · Archer ×32 · Trade Cart ×4
Feudal
11:50
Castle
21:54
Imperial
34:57
| APM avg | 19.1 |
| APM peak | 53 |
| eAPM avg | 12.0 |
| Villagers / military | 105 / 61 |
Focus
⚔️ 25.9% · 🌾 74.1%
Knight ×56 · Trade Cart ×11 · Trebuchet (Packed) ×5
Feudal
12:04
Castle
22:11
Imperial
37:05
| APM avg | 12.8 |
| APM peak | 26 |
| eAPM avg | 10.7 |
| Villagers / military | 108 / 82 |
Focus
⚔️ 26.5% · 🌾 73.5%
Spearman ×32 · Scout Cavalry ×26 · Gbeto ×13 · Knight ×3 · Mangonel ×2 · Bombard Cannon ×2
Feudal
12:05
Castle
25:28
Imperial
42:04
| APM avg | 12.8 |
| APM peak | 30 |
| eAPM avg | 8.0 |
| Villagers / military | 67 / 9 |
Focus
⚔️ 33.7% · 🌾 66.3%
Unknown (2582) ×31 · Unknown (2550) ×28 · Spearman ×5 · Battering Ram ×3 · Monk ×1
Match map
Initial resources + every placement click. Lines = walls · curves = elevation contours. ◆ gold · ⬟ stone · ● berries · ✦ relic · ◌ wall gap
Inputs per minute
— Tatycomendo - - Dingdongfootball
Build order — Tatycomendo
First 150 of 282 actions detected
| 0:18 | Build | House |
| 0:19 | Build | House |
| 0:26 | Build | House |
| 0:27 | Build | House |
| 0:28 | Build | House |
| 0:29 | Build | House |
| 0:32 | Create | Villager (Male) |
| 0:32 | Create | Villager (Male) |
| 0:33 | Create | Villager (Male) |
| 0:33 | Create | Villager (Male) |
| 0:33 | Create | Villager (Male) |
| 1:07 | Research | Loom |
| 1:55 | Create | Villager (Male) |
| 1:56 | Create | Villager (Male) |
| 2:24 | Create | Villager (Male) |
| 3:00 | Create | Villager (Male) |
| 3:33 | Create | Villager (Male) |
| 3:55 | Create | Villager (Male) |
| 4:41 | Build | Mill |
| 4:51 | Create | Villager (Male) |
| 4:51 | Create | Villager (Male) |
| 4:51 | Create | Villager (Male) |
| 5:01 | Create | Villager (Male) |
| 6:05 | Create | Villager (Male) |
| 6:05 | Create | Villager (Male) |
| 6:27 | Create | Villager (Male) |
| 6:27 | Create | Villager (Male) |
| 7:44 | Create | Villager (Male) |
| 7:51 | Build | Lumber Camp |
| 8:00 | Create | Villager (Male) |
| 9:13 | Create | Villager (Male) |
| 9:15 | Create | Villager (Male) |
| 9:15 | Create | Villager (Male) |
| 10:02 | Build | Barracks |
| 10:21 | Create | Villager (Male) |
| 10:22 | Create | Villager (Male) |
| 10:22 | Create | Villager (Male) |
| 10:23 | Create | Villager (Male) |
| 10:24 | Create | Villager (Male) |
| 10:45 | Build | Barracks |
| 11:41 | Create | Villager (Male) |
| 11:46 | Create | Villager (Male) |
| 12:07 | Build | House |
| 12:09 | Build | House |
| 12:10 | Build | House |
| 12:11 | Build | House |
| 12:22 | Build | Farm |
| 12:26 | Build | Farm |
| 12:31 | Build | Farm |
| 12:35 | Build | Farm |
| 12:41 | Build | Farm |
| 12:47 | Build | Farm |
| 12:53 | Create | Villager (Male) |
| 13:14 | Build | Farm |
| 13:19 | Build | Farm |
| 13:55 | Build | House |
| 13:57 | Build | House |
| 14:00 | Build | House |
| 14:06 | Research | Feudal Age |
| 14:42 | Build | Donjon |
| 16:16 | Age | Feudal Age |
| 16:21 | Create | Spearman |
| 16:22 | Create | Spearman |
| 16:22 | Create | Spearman |
| 16:22 | Create | Spearman |
| 16:23 | Create | Spearman |
| 16:23 | Create | Spearman |
| 16:23 | Create | Spearman |
| 16:39 | Create | Spearman |
| 16:39 | Create | Spearman |
| 17:16 | Create | Spearman |
| 17:17 | Create | Spearman |
| 17:27 | Create | Spearman |
| 17:28 | Create | Spearman |
| 18:12 | Build | Farm |
| 18:16 | Create | Spearman |
| 18:16 | Create | Spearman |
| 18:16 | Create | Spearman |
| 18:16 | Create | Spearman |
| 18:21 | Build | Farm |
| 18:23 | Create | Villager (Male) |
| 18:46 | Build | Farm |
| 18:50 | Build | Farm |
| 18:59 | Build | Farm |
| 19:06 | Create | Villager (Male) |
| 19:07 | Create | Villager (Male) |
| 19:07 | Create | Villager (Male) |
| 19:11 | Build | Farm |
| 19:17 | Build | Farm |
| 19:31 | Build | Farm |
| 19:42 | Build | Farm |
| 19:48 | Build | Farm |
| 20:07 | Build | Mining Camp |
| 20:21 | Create | Villager (Male) |
| 20:21 | Create | Villager (Male) |
| 20:21 | Create | Villager (Male) |
| 20:28 | Create | Spearman |
| 20:28 | Create | Spearman |
| 20:28 | Create | Spearman |
| 20:29 | Create | Spearman |
| 20:29 | Create | Spearman |
| 21:44 | Create | Villager (Male) |
| 21:45 | Create | Villager (Male) |
| 21:47 | Create | Villager (Male) |
| 22:16 | Build | Lumber Camp |
| 22:21 | Research | Double-Bit Axe |
| 22:36 | Create | Villager (Male) |
| 22:37 | Create | Villager (Male) |
| 24:30 | Build | Farm |
| 24:46 | Build | Mining Camp |
| 25:10 | Build | Stone Wall |
| 26:43 | Build | Building 490 |
| 27:08 | Build | Stone Wall |
| 27:23 | Create | Villager (Male) |
| 27:23 | Create | Villager (Male) |
| 27:24 | Create | Villager (Male) |
| 27:25 | Create | Villager (Male) |
| 27:40 | Build | Archery Range |
| 27:46 | Build | Blacksmith |
| 28:47 | Build | House |
| 28:48 | Build | House |
| 28:49 | Build | House |
| 28:49 | Build | House |
| 28:56 | Research | Horse Collar |
| 29:03 | Research | Castle Age |
| 29:05 | Research | Padded Archer Armor |
| 29:06 | Research | Forging |
| 29:06 | Research | Scale Mail Armor |
| 29:07 | Research | Scale Barding Armor |
| 29:08 | Research | Fletching |
| 29:32 | Build | Mining Camp |
| 29:41 | Create | Spearman |
| 29:41 | Create | Spearman |
| 29:41 | Create | Spearman |
| 29:41 | Create | Spearman |
| 29:42 | Create | Spearman |
| 29:42 | Create | Spearman |
| 31:43 | Age | Castle Age |
| 32:05 | Research | Pikeman (upgrade) |
| 33:15 | Create | Villager (Male) |
| 33:15 | Create | Villager (Male) |
| 33:16 | Create | Villager (Male) |
| 33:16 | Create | Villager (Male) |
| 33:16 | Create | Villager (Male) |
| 33:17 | Create | Villager (Male) |
| 33:38 | Build | Archery Range |
| 33:55 | Build | Market |
| 34:02 | Build | Town Center |
| 34:08 | Research | Gold Mining |
| 34:12 | Research | Stone Mining |
Build order — Dingdongfootball
First 150 of 286 actions detected
| 0:02 | Create | Villager (Male) |
| 0:02 | Create | Villager (Male) |
| 0:02 | Create | Villager (Male) |
| 0:04 | Build | House |
| 0:05 | Build | House |
| 0:36 | Create | Villager (Male) |
| 1:36 | Create | Villager (Male) |
| 1:45 | Build | Lumber Camp |
| 1:53 | Create | Villager (Male) |
| 2:43 | Create | Villager (Male) |
| 2:43 | Create | Villager (Male) |
| 3:29 | Create | Villager (Male) |
| 3:30 | Create | Villager (Male) |
| 3:30 | Create | Villager (Male) |
| 3:57 | Build | Mill |
| 4:29 | Create | Villager (Male) |
| 4:40 | Create | Villager (Male) |
| 4:53 | Build | House |
| 4:55 | Build | House |
| 5:07 | Create | Villager (Male) |
| 5:08 | Create | Villager (Male) |
| 5:32 | Create | Villager (Male) |
| 5:32 | Create | Villager (Male) |
| 5:52 | Create | Villager (Male) |
| 5:52 | Create | Villager (Male) |
| 6:21 | Create | Villager (Male) |
| 6:22 | Create | Villager (Male) |
| 7:12 | Create | Villager (Male) |
| 7:12 | Create | Villager (Male) |
| 7:24 | Build | Lumber Camp |
| 7:57 | Create | Villager (Male) |
| 7:58 | Create | Villager (Male) |
| 8:29 | Create | Villager (Male) |
| 8:29 | Create | Villager (Male) |
| 8:38 | Build | House |
| 8:39 | Build | House |
| 8:40 | Build | House |
| 9:22 | Build | Mining Camp |
| 9:40 | Research | Feudal Age |
| 9:40 | Research | Loom |
| 10:17 | Build | Farm |
| 10:18 | Build | Farm |
| 10:18 | Build | Farm |
| 10:48 | Build | Barracks |
| 11:36 | Build | Palisade Wall |
| 11:50 | Age | Feudal Age |
| 12:52 | Create | Villager (Male) |
| 12:52 | Create | Villager (Male) |
| 12:52 | Create | Villager (Male) |
| 12:52 | Create | Villager (Male) |
| 12:53 | Create | Villager (Male) |
| 12:56 | Create | Villager (Male) |
| 13:12 | Build | Farm |
| 13:12 | Build | Farm |
| 13:13 | Build | Farm |
| 13:13 | Build | Farm |
| 13:14 | Build | Farm |
| 13:18 | Build | Farm |
| 13:35 | Research | Double-Bit Axe |
| 13:45 | Build | Farm |
| 14:37 | Build | Building 796 |
| 15:27 | Create | Villager (Male) |
| 15:28 | Create | Villager (Male) |
| 15:28 | Create | Villager (Male) |
| 15:32 | Research | Wheelbarrow |
| 15:38 | Research | Gold Mining |
| 15:38 | Research | Stone Mining |
| 15:44 | Build | Farm |
| 15:44 | Build | Farm |
| 16:16 | Build | Palisade Wall |
| 16:33 | Create | Villager (Male) |
| 16:34 | Create | Villager (Male) |
| 16:34 | Create | Villager (Male) |
| 16:35 | Create | Villager (Male) |
| 17:00 | Build | Mining Camp |
| 17:04 | Create | Villager (Male) |
| 17:23 | Build | Blacksmith |
| 17:55 | Build | Market |
| 18:09 | Research | Scale Barding Armor |
| 18:11 | Research | Forging |
| 18:53 | Build | Farm |
| 18:54 | Build | Farm |
| 18:54 | Build | Farm |
| 19:14 | Research | Castle Age |
| 19:17 | Create | Trade Cart |
| 19:17 | Create | Trade Cart |
| 20:48 | Create | Trade Cart |
| 20:49 | Create | Trade Cart |
| 20:49 | Create | Trade Cart |
| 20:50 | Create | Trade Cart |
| 21:03 | Build | House |
| 21:04 | Build | House |
| 21:05 | Build | House |
| 21:06 | Build | House |
| 21:53 | Create | Villager (Male) |
| 21:53 | Create | Villager (Male) |
| 21:54 | Create | Villager (Male) |
| 21:54 | Age | Castle Age |
| 22:00 | Research | Gold Shaft Mining |
| 22:14 | Research | Bow Saw |
| 22:17 | Research | Chain Barding Armor |
| 22:18 | Research | Iron Casting |
| 22:49 | Build | House |
| 22:50 | Build | House |
| 22:51 | Build | House |
| 22:56 | Create | Villager (Male) |
| 22:57 | Create | Villager (Male) |
| 22:58 | Create | Villager (Male) |
| 22:59 | Create | Villager (Male) |
| 23:22 | Build | Town Center |
| 24:10 | Build | Stable |
| 24:26 | Create | Villager (Male) |
| 24:54 | Create | Villager (Male) |
| 24:54 | Create | Villager (Male) |
| 25:00 | Research | Hand Cart |
| 25:14 | Research | Husbandry |
| 25:24 | Build | Lumber Camp |
| 25:28 | Create | Villager (Male) |
| 25:28 | Create | Villager (Male) |
| 25:28 | Create | Villager (Male) |
| 25:29 | Create | Villager (Male) |
| 25:47 | Build | Farm |
| 26:35 | Build | Castle |
| 26:42 | Create | Villager (Male) |
| 26:42 | Create | Villager (Male) |
| 26:43 | Create | Villager (Male) |
| 26:44 | Create | Villager (Male) |
| 26:57 | Create | Knight |
| 26:57 | Create | Knight |
| 26:57 | Create | Knight |
| 26:57 | Create | Knight |
| 26:58 | Create | Knight |
| 27:39 | Build | Farm |
| 27:41 | Build | Farm |
| 27:42 | Build | Farm |
| 27:52 | Create | Knight |
| 27:56 | Create | Villager (Male) |
| 27:57 | Create | Villager (Male) |
| 27:57 | Create | Villager (Male) |
| 27:59 | Create | Villager (Male) |
| 30:09 | Build | Farm |
| 30:09 | Build | Farm |
| 30:09 | Build | Farm |
| 30:09 | Build | Farm |
| 30:57 | Build | Stable |
| 30:58 | Build | Stable |
| 30:59 | Build | Stable |
| 31:00 | Build | Stable |
| 31:03 | Build | Stable |
| 31:09 | Create | Villager (Male) |
Build order — Tompzera
First 150 of 309 actions detected
| 0:00 | Create | Villager (Male) |
| 0:00 | Create | Villager (Male) |
| 0:01 | Create | Villager (Male) |
| 0:03 | Build | House |
| 0:20 | Build | House |
| 0:24 | Create | Villager (Male) |
| 1:36 | Create | Villager (Male) |
| 1:54 | Build | Mill |
| 2:14 | Create | Villager (Male) |
| 2:43 | Create | Villager (Male) |
| 3:05 | Build | Lumber Camp |
| 3:16 | Create | Villager (Male) |
| 3:41 | Create | Villager (Male) |
| 3:48 | Build | House |
| 4:06 | Create | Villager (Male) |
| 4:26 | Create | Villager (Male) |
| 4:52 | Create | Villager (Male) |
| 5:11 | Create | Villager (Male) |
| 5:17 | Create | Villager (Male) |
| 5:57 | Create | Villager (Male) |
| 6:22 | Build | House |
| 6:42 | Create | Villager (Male) |
| 7:07 | Build | Barracks |
| 7:13 | Create | Villager (Male) |
| 7:21 | Create | Villager (Male) |
| 7:54 | Create | Villager (Male) |
| 8:01 | Build | House |
| 8:24 | Create | Villager (Male) |
| 9:03 | Create | Villager (Male) |
| 9:29 | Create | Villager (Male) |
| 9:45 | Research | Feudal Age |
| 10:03 | Build | Mining Camp |
| 10:20 | Build | Mining Camp |
| 10:33 | Build | Mill |
| 11:12 | Create | Villager (Male) |
| 11:34 | Build | House |
| 11:35 | Build | House |
| 11:45 | Build | Farm |
| 11:47 | Build | Farm |
| 11:51 | Build | Farm |
| 11:52 | Build | Farm |
| 11:53 | Build | Farm |
| 11:56 | Build | Farm |
| 12:03 | Build | Farm |
| 12:04 | Age | Feudal Age |
| 13:00 | Research | Wheelbarrow |
| 13:10 | Build | Farm |
| 13:13 | Build | Farm |
| 13:14 | Build | Farm |
| 13:41 | Create | Spearman |
| 13:41 | Create | Spearman |
| 14:00 | Build | Stable |
| 14:06 | Create | Villager (Male) |
| 14:15 | Research | Horse Collar |
| 14:25 | Research | Double-Bit Axe |
| 15:00 | Create | Villager (Male) |
| 15:02 | Create | Villager (Male) |
| 15:11 | Create | Villager (Male) |
| 15:28 | Create | Villager (Male) |
| 16:26 | Create | Villager (Male) |
| 16:34 | Build | Farm |
| 16:35 | Build | Farm |
| 16:36 | Build | Farm |
| 16:37 | Build | Farm |
| 16:39 | Build | Farm |
| 16:51 | Build | Farm |
| 16:59 | Research | Gold Mining |
| 17:08 | Research | Stone Mining |
| 17:24 | Create | Villager (Male) |
| 17:26 | Research | Town Watch |
| 17:41 | Build | Farm |
| 17:42 | Build | Farm |
| 18:02 | Build | House |
| 18:07 | Build | House |
| 18:26 | Build | Mining Camp |
| 18:30 | Create | Villager (Male) |
| 18:37 | Build | Farm |
| 18:52 | Build | Mill |
| 19:17 | Build | Blacksmith |
| 19:31 | Research | Castle Age |
| 19:43 | Research | Bloodlines |
| 19:48 | Research | Man-at-Arms (upgrade) |
| 20:46 | Create | Spearman |
| 20:46 | Create | Militia |
| 20:49 | Create | Scout Cavalry |
| 21:07 | Create | Villager (Male) |
| 22:11 | Age | Castle Age |
| 22:12 | Research | Hand Cart |
| 22:21 | Build | Town Center |
| 22:37 | Research | Light Cavalry (upgrade) |
| 22:50 | Research | Stone Shaft Mining |
| 22:54 | Create | Villager (Male) |
| 23:02 | Create | Villager (Male) |
| 23:05 | Create | Villager (Male) |
| 23:06 | Create | Villager (Male) |
| 23:06 | Create | Villager (Male) |
| 23:15 | Build | Farm |
| 23:48 | Create | Villager (Male) |
| 23:48 | Create | Villager (Male) |
| 24:26 | Build | Castle |
| 24:49 | Build | Town Center |
| 25:06 | Create | Villager (Male) |
| 25:07 | Create | Villager (Male) |
| 25:10 | Research | Town Patrol |
| 25:10 | Create | Villager (Male) |
| 25:10 | Create | Villager (Male) |
| 25:11 | Create | Villager (Male) |
| 25:58 | Create | Villager (Male) |
| 25:59 | Create | Villager (Male) |
| 25:59 | Create | Villager (Male) |
| 26:10 | Create | Gbeto |
| 26:10 | Create | Gbeto |
| 26:47 | Create | Gbeto |
| 26:49 | Create | Villager (Male) |
| 26:52 | Build | Farm |
| 26:53 | Build | Farm |
| 26:57 | Build | Farm |
| 27:00 | Build | Farm |
| 27:02 | Build | Farm |
| 27:30 | Create | Villager (Male) |
| 27:30 | Create | Villager (Male) |
| 27:30 | Create | Villager (Male) |
| 27:47 | Build | Town Center |
| 28:03 | Create | Gbeto |
| 29:05 | Create | Villager (Male) |
| 29:05 | Create | Villager (Male) |
| 29:06 | Create | Villager (Male) |
| 29:06 | Create | Villager (Male) |
| 29:06 | Create | Villager (Male) |
| 29:06 | Create | Villager (Male) |
| 29:07 | Create | Villager (Male) |
| 29:11 | Create | Spearman |
| 29:12 | Create | Spearman |
| 29:13 | Research | Pikeman (upgrade) |
| 29:55 | Create | Villager (Male) |
| 29:55 | Create | Villager (Male) |
| 29:55 | Create | Villager (Male) |
| 30:03 | Build | Farm |
| 30:06 | Build | Farm |
| 30:08 | Build | Farm |
| 30:12 | Build | Farm |
| 30:14 | Build | Farm |
| 30:15 | Build | Farm |
| 30:16 | Build | Farm |
| 30:19 | Build | Farm |
| 30:21 | Build | Farm |
| 30:33 | Build | Farm |
| 31:08 | Create | Villager (Male) |
| 31:09 | Create | Villager (Male) |
| 31:09 | Create | Villager (Male) |
Build order — gub Gub
First 150 of 221 actions detected
| 0:01 | Create | Villager (Male) |
| 0:01 | Create | Villager (Male) |
| 0:02 | Build | House |
| 0:05 | Build | House |
| 0:10 | Research | Loom |
| 0:10 | Research | Loom |
| 0:33 | Create | Villager (Male) |
| 0:35 | Create | Villager (Male) |
| 0:35 | Create | Villager (Male) |
| 1:24 | Create | Villager (Male) |
| 1:47 | Create | Villager (Male) |
| 2:34 | Build | Settlement |
| 2:40 | Create | Villager (Male) |
| 2:57 | Create | Villager (Male) |
| 3:00 | Create | Villager (Male) |
| 3:43 | Create | Villager (Male) |
| 4:14 | Create | Villager (Male) |
| 5:32 | Build | Barracks |
| 5:47 | Create | Villager (Male) |
| 5:48 | Create | Villager (Male) |
| 5:48 | Create | Villager (Male) |
| 6:20 | Create | Villager (Male) |
| 6:29 | Build | House |
| 6:46 | Create | Villager (Male) |
| 7:08 | Build | Settlement |
| 8:48 | Build | Settlement |
| 9:06 | Create | Villager (Male) |
| 9:55 | Research | Feudal Age |
| 10:52 | Create | Unit 2550 |
| 10:52 | Create | Unit 2550 |
| 10:52 | Create | Unit 2550 |
| 10:53 | Create | Unit 2550 |
| 12:05 | Age | Feudal Age |
| 12:44 | Create | Villager (Male) |
| 12:45 | Create | Villager (Male) |
| 12:45 | Create | Villager (Male) |
| 12:51 | Research | Tech 1402 |
| 12:51 | Research | Arson |
| 13:14 | Build | Blacksmith |
| 13:17 | Build | Market |
| 13:46 | Create | Spearman |
| 13:46 | Create | Spearman |
| 14:07 | Build | Farm |
| 14:07 | Build | Farm |
| 14:11 | Research | Horse Collar |
| 14:28 | Create | Spearman |
| 14:42 | Create | Unit 2550 |
| 15:48 | Build | Farm |
| 15:49 | Create | Villager (Male) |
| 15:50 | Create | Villager (Male) |
| 15:51 | Create | Villager (Male) |
| 16:56 | Build | Farm |
| 16:57 | Build | Farm |
| 17:02 | Create | Villager (Male) |
| 17:58 | Create | Unit 2550 |
| 17:59 | Create | Unit 2550 |
| 18:00 | Create | Unit 2550 |
| 18:00 | Create | Unit 2550 |
| 18:04 | Create | Villager (Male) |
| 18:06 | Create | Villager (Male) |
| 18:10 | Research | Forging |
| 18:10 | Research | Scale Mail Armor |
| 18:43 | Build | Farm |
| 18:55 | Research | Scale Mail Armor |
| 18:59 | Build | House |
| 19:00 | Build | House |
| 19:01 | Build | House |
| 19:02 | Build | House |
| 19:02 | Build | House |
| 19:03 | Build | House |
| 19:05 | Build | House |
| 19:06 | Build | House |
| 19:09 | Create | Villager (Male) |
| 19:09 | Create | Villager (Male) |
| 19:17 | Build | Farm |
| 19:17 | Build | Farm |
| 19:18 | Build | Farm |
| 19:19 | Build | Farm |
| 19:20 | Build | Farm |
| 19:21 | Build | Farm |
| 19:21 | Build | Farm |
| 19:22 | Build | Farm |
| 19:31 | Build | House |
| 19:33 | Build | House |
| 19:34 | Build | House |
| 19:37 | Create | Unit 2550 |
| 19:37 | Create | Unit 2550 |
| 20:02 | Create | Unit 2550 |
| 20:03 | Create | Unit 2550 |
| 20:05 | Create | Villager (Male) |
| 20:33 | Build | Watch Tower |
| 20:46 | Build | Settlement |
| 21:36 | Build | Archery Range |
| 21:42 | Build | Barracks |
| 21:49 | Create | Villager (Male) |
| 22:35 | Build | Archery Range |
| 22:48 | Research | Castle Age |
| 23:32 | Build | Settlement |
| 23:51 | Create | Unit 2550 |
| 23:51 | Create | Unit 2550 |
| 23:51 | Create | Unit 2550 |
| 23:52 | Create | Unit 2550 |
| 23:52 | Create | Unit 2550 |
| 24:14 | Build | Farm |
| 24:17 | Create | Spearman |
| 24:17 | Create | Spearman |
| 24:22 | Create | Unit 2550 |
| 24:23 | Create | Unit 2550 |
| 25:28 | Age | Castle Age |
| 25:36 | Create | Unit 2582 |
| 25:36 | Create | Unit 2582 |
| 25:41 | Research | Squires |
| 25:44 | Create | Villager (Male) |
| 25:44 | Create | Villager (Male) |
| 26:15 | Create | Unit 2582 |
| 26:15 | Create | Unit 2582 |
| 26:45 | Create | Villager (Male) |
| 26:55 | Create | Villager (Male) |
| 26:56 | Create | Villager (Male) |
| 27:24 | Build | Barracks |
| 27:44 | Build | Town Center |
| 27:55 | Research | Iron Casting |
| 27:57 | Research | Fletching |
| 28:02 | Create | Unit 2582 |
| 28:09 | Build | Settlement |
| 28:24 | Build | Barracks |
| 28:51 | Create | Unit 2582 |
| 29:03 | Build | Siege Workshop |
| 29:07 | Create | Villager (Male) |
| 29:20 | Create | Unit 2550 |
| 29:21 | Create | Unit 2550 |
| 29:21 | Create | Unit 2550 |
| 29:22 | Create | Unit 2550 |
| 29:22 | Create | Unit 2550 |
| 29:48 | Create | Villager (Male) |
| 29:48 | Create | Villager (Male) |
| 30:02 | Create | Villager (Male) |
| 30:17 | Create | Unit 2582 |
| 30:18 | Create | Unit 2582 |
| 30:30 | Create | Villager (Male) |
| 30:30 | Create | Villager (Male) |
| 30:31 | Create | Villager (Male) |
| 30:32 | Create | Battering Ram |
| 31:12 | Create | Unit 2582 |
| 31:12 | Create | Unit 2582 |
| 31:19 | Create | Villager (Male) |
| 31:43 | Create | Unit 2550 |
| 32:15 | Create | Unit 2550 |
| 32:27 | Create | Villager (Male) |
| 32:36 | Create | Unit 2550 |
Match timeline
| 5:32 | gub Gub · first_building Barracks |
| 7:07 | Tompzera · first_building Barracks |
| 10:02 | Tatycomendo · first_building Barracks |
| 10:48 | Dingdongfootball · first_building Barracks |
| 11:36 | Dingdongfootball · wall_segment Palisade Wall x34 |
| 11:50 | Dingdongfootball · age_up feudal |
| 12:04 | Tompzera · age_up feudal |
| 12:05 | gub Gub · age_up feudal |
| 14:00 | Tompzera · first_building Stable |
| 14:42 | Tatycomendo · first_building Donjon |
| 16:16 | Dingdongfootball · wall_segment Palisade Wall x1 |
| 16:16 | Tatycomendo · age_up feudal |
| 19:09 | Dingdongfootball · first_market_buy 100 food |
| 21:36 | gub Gub · first_building Archery Range |
| 21:54 | Dingdongfootball · age_up castle |
| 21:54 | gub Gub · first_market_buy 100 food |
| 22:11 | Tompzera · age_up castle |
| 24:10 | Dingdongfootball · first_building Stable |
| 24:26 | Tompzera · first_building Castle |
| 25:10 | Tatycomendo · wall_segment Stone Wall x17 |
| 25:28 | gub Gub · age_up castle |
| 26:35 | Dingdongfootball · first_building Castle |
| 27:08 | Tatycomendo · wall_segment Stone Wall x6 |
| 27:40 | Tatycomendo · first_building Archery Range |
| 29:03 | gub Gub · first_building Siege Workshop |
| 31:32 | Tompzera · first_building Siege Workshop |
| 31:43 | Tatycomendo · age_up castle |
| 33:08 | gub Gub · first_building Monastery |
| 34:57 | Dingdongfootball · age_up imperial |
| 36:19 | Tatycomendo · wall_segment Stone Wall x10 |
| 37:05 | Tompzera · age_up imperial |
| 37:06 | gub Gub · first_building Castle |
| 38:32 | Tompzera · first_market_sell 500 food |
| 42:04 | gub Gub · age_up imperial |
| 44:31 | Tatycomendo · first_building Stable |
| 46:18 | Tompzera · first_building Monastery |
| 47:31 | Tompzera · resign |
[ AI ANALYSIS · 1 CREDIT ]
What really happened in this match?
Wolo.gg analyzes every decision: build order, eco, micro, common mistakes by bracket. Personalized analysis on WhatsApp or Discord in 30 seconds.
Civ guide
Sicilians
Map guide
Oasis
Perfil
Jugador #26321